 Dungeon Crawl Stone Soup version 0.30.0-10-gfe55d96785 (webtiles) character file.

Game seed: 10655935014250961564

359 olmar the Cudgeller (level 6, -2/55 HPs)
             Began as a Minotaur Fighter on May 15, 2023.
             Slain by a gnoll
             ... wielding a +0 whip of electrocution
              (3 damage)
             ... on level 3 of the Dungeon.
             The game lasted 00:03:32 (2635 turns).

olmar the Cudgeller (Minotaur Fighter)              Turns: 2635, Time: 00:03:33

Health: -2/55      AC:  7    Str: 22    XL:     6   Next: 37%
Magic:  0/5        EV: 10    Int:  5    God:
Gold:   149        SH:  4    Dex: 10    Spells: 5/5 levels left

rFire   . . .        a - +0 flail
rCold   . . .        c - +0 buckler
rNeg    + . .        b - +0 scale mail
rPois   +            (helmet restricted)
rElec   .            (no cloak)
rCorr   .            (no gloves)
SInv    .            (no boots)
Will    .....        r - amulet of guardian spirit Stlth
                     n - ring of poison resistance
HPRegen 0.29/turn    p - ring of positive energy
MPRegen 0.09/turn

%: guardian spirit
@: no status effects
A: horns 2, retaliatory headbutt
a: no special abilities


You were on level 3 of the Dungeon.
You visited 1 branch of the dungeon, and saw 4 of its levels.

You collected 149 gold pieces.

Inventory:

Hand Weapons
 a - a +0 flail (weapon)
Missiles
 u - 2 poisoned darts (quivered)
Armour
 b - a +0 scale mail (worn)
 c - a +0 buckler (worn)
Jewellery
 j - an amulet of magic regeneration
 n - a ring of poison resistance (left hand)
 p - a ring of positive energy (right hand)
 r - an amulet of guardian spirit (around neck)
Wands
 l - a wand of flame (24)
 w - a wand of polymorph (11)
Scrolls
 e - 4 scrolls of teleportation {unknown}
 f - a scroll of fog {unknown}
 h - 2 scrolls of enchant weapon {unknown}
 i - a scroll of summoning {unknown}
 k - a scroll of enchant armour {unknown}
 m - 4 scrolls of identify {unknown}
 q - a scroll of acquirement {unknown}
 s - a scroll of vulnerability {unknown}
 t - a scroll of amnesia {unknown}
Potions
 d - a potion of might
 o - a potion of cancellation {unknown}
 v - a potion of flight {unknown}
 x - a potion of degeneration {unknown}


   Skills:
 + Level 4.8 Fighting
 + Level 6.1 Maces & Flails
 + Level 4.9 Armour
 + Level 1.7 Dodging
 + Level 4.1 Shields


You had 5 spell levels left.
You didn't know any spells.
Your spell library contained the following spells:

 Spells                   Type           Power      Damage    Failure   Level
 Cigotuvi's Dreadful Rot  Necr/Pois/Air  0%         N/A       94%         2
 Lesser Beckoning         Tloc           0%         N/A       94%         2
 Frozen Ramparts          Ice            0%         1d1       99%         3
 Gell's Gravitas          Tloc           0%         N/A       99%         3
 Ignite Poison            Fire/Tmut/Pois 0%         N/A       99%         3
 Teleport Other           Tloc           0%         N/A       99%         3
 Ice Form                 Ice/Tmut       0%         N/A       100%        4
 Summon Ice Beast         Ice/Summ       0%         N/A       100%        4
 Freezing Cloud           Conj/Ice/Air   0%         6-21      100%        5


Dungeon Overview and Level Annotations

Branches:
Dungeon (4/15)
 Temple: D:4-7

Altars:
Trog

Shops:
D:1 ?


Innate Abilities, Weirdness & Mutations

You have a pair of horns on your head.
You reflexively headbutt those who attack you in melee.


Message History

Unknown command.
You barely miss the gnoll.
The gnoll is heavily wounded.
The gnoll barely misses you. You furiously retaliate!
You headbutt the gnoll. The gnoll hits you but does no damage.
Unknown command.
You closely miss the gnoll.
The gnoll is almost dead.
The gnoll closely misses you. The gnoll hits you with a +0 whip.
You barely miss the gnoll. Your headbutt misses the gnoll.
The gnoll is almost dead.
You block the gnoll's attack. x2
You sock the gnoll!
You kill the gnoll!
The gnoll barely misses you.
You closely miss the gnoll.
The gnoll is almost dead.
The gnoll hits you but does no damage.
You are electrocuted!
* * * LOW HITPOINT WARNING * * *
You barely miss the gnoll. Your headbutt misses the gnoll.
The gnoll is almost dead.
The gnoll hits you with a +0 whip of electrocution.
* * * LOW HITPOINT WARNING * * *
Unknown command.
You hit the gnoll but do no damage.
The gnoll is almost dead.
The gnoll hits you with a +0 whip of electrocution.
* * * LOW HITPOINT WARNING * * *
The gnoll hits you with a +0 whip of electrocution.
* * * LOW HITPOINT WARNING * * *
Unknown command.
You closely miss the gnoll. Your headbutt misses the gnoll.
The gnoll is severely wounded.
The gnoll barely misses you. You furiously retaliate!
You headbutt the gnoll.
Unknown command.
You barely miss the gnoll.
You headbutt the gnoll, but do no damage.
The gnoll is almost dead.
The gnoll hits you with a +0 whip of electrocution.
You die...

##########
#########........#########
........#...........#....########
........'......g)...'....'.......
........#......)@...#....########
........#...........#............
........#...........#....########
#........................#
.........................#
.....##....##............#
.....##....##......[..##.#
............#....#######.########
........................<........


You could see a gnoll.

Vanquished Creatures
  A boggart (D:4)
  A sleepcap (D:4)
  Jessica (D:3)
  An orc wizard (D:4)
  Terence (D:3)
  2 gnolls (D:3)
  8 adders
  2 worms (D:2)
  2 dart slugs
  6 orcs
  7 endoplasms
  2 giant cockroaches
  9 goblins
  2 hobgoblins
  6 jackals
  2 kobolds
  4 quokkas
  7 ball pythons
  4 bats
  4 frilled lizards
  9 rats
81 creatures vanquished.

Notes
Turn   | Place    | Note
-------+----------+-------------------------------------------
     0 | D:1      | olmar the Minotaur Fighter began the quest for the Orb.
     0 | D:1      | Reached XP level 1. HP: 19/19 MP: 0/0
    57 | D:1      | Found Tilom's Magic Scroll Shoppe.
   150 | D:1      | Reached XP level 2. HP: 25/27 MP: 1/1
   259 | D:1      | Reached skill level 3 in Maces & Flails
   651 | D:1      | Reached XP level 3. HP: 33/33 MP: 2/2
  1336 | D:2      | Reached XP level 4. HP: 24/40 MP: 3/3
  1448 | D:2      | Reached skill level 4 in Maces & Flails
  1775 | D:3      | Noticed Jessica
  1781 | D:3      | Killed Jessica
  1782 | D:3      | Reached skill level 5 in Maces & Flails
  1949 | D:3      | Noticed Terence
  1959 | D:3      | Killed Terence
  1960 | D:3      | Reached XP level 5. HP: 33/47 MP: 4/4
  2396 | D:4      | Noticed an ogre
  2449 | D:4      | Noticed an ogre
  2453 | D:4      | an ogre changed into a boggart
  2453 | D:4      | Noticed a boggart
  2454 | D:4      | Killed a boggart
  2455 | D:4      | Reached skill level 1 in Dodging
  2467 | D:4      | Reached XP level 6. HP: 53/53 MP: 5/5
  2510 | D:4      | Reached skill level 6 in Maces & Flails
  2530 | D:4      | Found a bloodstained altar of Trog.
  2633 | D:3      | HP: 1/55 [gnoll/+0 whip of electrocution (5)]
  2635 | D:3      | Slain by a gnoll

Illustrated notes

Levels and vault maps discovered:
D:1:      evilmike_arrival_rings, layout_basic, serial_shops, shop,
          nrook_mini_backslash, hangedman_decor_slide_cut, serial_bayou_lagoon_a
D:2:      kennysheep_big_flooded_room, layout_loops_ring
D:3:      layout_basic, uniq_terence, uniq_jessica
D:4:      layout_rooms, lightli_temple_of_fire, nicolae_overflow_two_pavilions

Skill      XL: |  1  2  3  4  5  6 |
---------------+-------------------+-----
Fighting       | 4 |  4.8
Maces & Flails | 3 5 6 |  6.1
Shields        | 4 |  4.1
Armour         | 4 |  4.9
Dodging        | 1 |  1.7

Action                     |  1- 3 |  4- 6 || total
---------------------------+-------+-------++-------
  Melee: Flail             |   102 |   102 ||   204
         Headbutt          |     8 |    16 ||    24
  Evoke: Wand              |       |     1 ||     1
    Use: Potion            |       |     1 ||     1
 Armour: Scale mail        |    53 |    36 ||    89
  Dodge: Dodged            |    46 |    38 ||    84
  Block: Buckler           |    18 |    21 ||    39
